 Dungeon Crawl Stone Soup version 0.31-b1-12-gca42e3d1b8 (webtiles) character file.

Game seed: 12213916500431573290

133 bnorton916 the Conjurer (level 4, -2/24 HPs)
             Began as a Deep Elf Conjurer on Jan 14, 2024.
             Asphyxiated
             ... on level 4 of the Dungeon.
             The game lasted 00:03:01 (3193 turns).

bnorton916 the Conjurer (Deep Elf Conjurer)         Turns: 3193, Time: 00:03:02

Health: -2/24      AC:  2    Str:  4    XL:     4   Next: 93%
Magic:  8/12       EV: 12    Int: 25    God:
Gold:   121        SH:  0    Dex: 13    Spells: 0/11 levels left

rFire   . . .        (no weapon)
rCold   . . .        (no shield)
rNeg    . . .        a - +0 robe
rPois   .            (no helmet)
rElec   .            (no cloak)
rCorr   .            (no gloves)
SInv    .            (no boots)
Will    .....        (no amulet)
Stlth   ++           (no ring)
HPRegen 0.24/turn    (no ring)
MPRegen 0.13/turn

%: no passive effects
@: lethally poisoned (-2 -> -18), slowed, very slow
A: no striking features
a: no special abilities


You were on level 4 of the Dungeon.
You visited 1 branch of the dungeon, and saw 4 of its levels.

You collected 121 gold pieces.

Inventory:

Armour
 a - a +0 robe (worn)
Talismans
 m - a blade talisman
Wands
 l - a wand of iceblast (5)
 q - a wand of quicksilver (5)
Scrolls
 c - a scroll of butterflies {unknown}
 d - a scroll of blinking {unknown}
 e - 3 scrolls of teleportation {unknown}
 f - a scroll of noise {unknown}
 h - a scroll of immolation {unknown}
 i - a scroll of enchant armour {unknown}
 j - 7 scrolls of identify {unknown}
 k - a scroll of poison {unknown}
 p - a scroll of enchant weapon {unknown}
 r - a scroll of fear {unknown}
Potions
 b - 3 potions of magic
 g - 2 potions of degeneration {unknown}
 n - 2 potions of attraction {unknown}
 o - a potion of invisibility {unknown}


   Skills:
 - Level 2.4 Dodging
 - Level 2.4 Stealth
 + Level 4.0 Spellcasting
 + Level 6.5 Conjurations


You couldn't memorise any spells.
You knew the following spells:

 Your Spells              Type           Power      Damage    Failure   Level
a - Magic Dart            Conj           100%       1d8       1%          1
b - Searing Ray           Conj           74%        2d7       1%          2
c - Iskenderun's Mystic   Conj/Tloc      21%        2d6       24%         4
d - Fulminant Prism       Conj/Alch      10%        3d8       24%         4

Your spell library contained the following spells:

 Spells                   Type           Power      Damage    Failure   Level
 Dazzling Flash           Conj/Hex       42%        N/A       7%          3
 Volatile Blastmotes      Fire/Tloc      10%        2d10      26%         3
 Starburst                Conj/Fire      10%        6d5       98%         6
 Maxwell's Capacitive Co  Air            2%         ∞         100%        8
 Chain Lightning          Conj/Air       10%        3d14      100%        9
 Fire Storm               Conj/Fire      10%        8d3       100%        9
 Shatter                  Erth           2%         3d6*      100%        9


Dungeon Overview and Level Annotations

Branches:
Dungeon (4/15)
 Temple: D:4-7

Altars:
Ashenzari
Nemelex Xobeh


Message History

Casting: Magic Dart (safe; 1% risk of failure)
Confirm with . or Enter, or press ? or * to list all spells.
Aiming: Magic Dart (safe; 1% risk of failure)
Press: ? - help, Shift-Dir - straight line, f/p - quokka
Aim: a quokka (almost dead, 100% to hit)
The magic dart hits the quokka.
You kill the quokka!
Magic restored.
You now have 121 gold pieces (gained 18).
You see here a hobgoblin corpse.
Found a hand axe.
j - 7 scrolls labelled KIFUPRAHOE (gained 1)
A kobold brigand comes into view.
It is wielding a +0 short sword and quivering curare-tipped darts.
Found a scroll labelled KEUGOT PAOROGH.
There is a stone staircase leading up here.
This spell is astonishingly dangerous to cast!
You start memorising the spell.
You continue memorising. x4
You finish memorising.
Spell assigned to 'c'.
This spell is astonishingly dangerous to cast!
You start memorising the spell.
You continue memorising. x4
You finish memorising.
Spell assigned to 'd'.
The kobold brigand throws a curare-tipped dart.
The curare-tipped dart hits you.
You are poisoned.
You have difficulty breathing.
You feel yourself slow down.
Unknown command.
Casting: Magic Dart (safe; 1% risk of failure)
Confirm with . or Enter, or press ? or * to list all spells.
Aiming: Fulminant Prism (astonishingly dangerous; 24% risk of failure)
Press: ? - help, Dir - move target You conjure a prism of explosive energy!
A fulminant prism comes into view.
You feel very sick.
Unknown command.
You feel very sick.
The kobold brigand throws a curare-tipped dart.
The curare-tipped dart hits you.
You are lethally poisoned!
You have difficulty breathing.
You die...

..................>## ..
#................## ..#
##........<.###...# ...#
##........## ##..##
....# #.......## ##..##
#....##.......# ##..#
#............## ##..
##............# ##†
##....@......## ##
#............## #
##............## #
#.......##....## #
#....)..###....### ##
.......*# ##.....###.
....?.....# ##........
........K...# #........
..........?.............


You could see a kobold brigand (ally target) and a friendly fulminant prism.

Vanquished Creatures
  Terence (D:2)
  3 gnolls (D:3)
  An adder (D:3)
  4 dart slugs
  3 ribbon worms
  5 ball pythons
  10 endoplasms
  6 goblins
  2 hobgoblins
  3 quokkas
  4 bats
  3 frilled lizards
  5 kobolds
  5 rats
55 creatures vanquished.

Notes
Turn   | Place    | Note
-------+----------+-------------------------------------------
     0 | D:1      | bnorton916 the Deep Elf Conjurer began the quest for the
                  | Orb.
     0 | D:1      | Reached XP level 1. HP: 10/10 MP: 6/6
   146 | D:1      | Reached XP level 2. HP: 15/15 MP: 5/8
   306 | D:1      | Reached skill level 5 in Conjurations
   665 | D:1      | Reached XP level 3. HP: 19/19 MP: 5/9
  1055 | D:2      | Found a faded altar of an unknown god.
  1209 | D:2      | Learned a level 2 spell: Searing Ray
  1379 | D:2      | Noticed Terence
  1398 | D:2      | Killed Terence
  1399 | D:2      | Reached XP level 4. HP: 5/24 MP: 0/11
  1820 | D:3      | Reached skill level 6 in Conjurations
  1922 | D:3      | Found a broken altar of Ashenzari.
  2369 | D:3      | Found a sparkling altar of Nemelex Xobeh.
  3167 | D:4      | Noticed a kobold brigand
  3182 | D:4      | Learned a level 4 spell: Iskenderun's Mystic Blast
  3187 | D:4      | Learned a level 4 spell: Fulminant Prism
  3193 | D:4      | Asphyxiated

Illustrated notes

Levels and vault maps discovered:
D:1:      minmay_arrival_radiant_lines, layout_loops_ring
D:2:      layout_basic, ebering_ecumenical_altar_box, uniq_terence
D:3:      layout_basic, mainiacjoe_overflow_cross_hatched,
          nemelex_diamond_rough_becter, chequers_serial_rivers_large_b,
          minmay_misc_feat_encased, ebering_dispersal_statue_hall
D:4:      layout_layer_cave, nzn_overflow_gifts_of_might_and_magic,
          hangedman_abyss_or_decor_stagger, hangedman_decor_diamond_cutter

Skill      XL: |  1  2  3  4 |
---------------+-------------+-----
Conjurations   | 5 6 |  6.5
Spellcasting   | 4 |  4.0
Dodging        | |  2.4
Stealth        | |  2.4

Action                     |  1- 3 |  4- 6 || total
---------------------------+-------+-------++-------
   Cast: Magic Dart        |    67 |    42 ||   109
         Searing Ray       |     2 |     2 ||     4
         Fulminant Prism   |       |     1 ||     1
 Armour: Robe              |     5 |     2 ||     7
  Dodge: Dodged            |     3 |     2 ||     5
